 Dungeon Crawl Stone Soup version 0.32-a0-612-g1c984fe9d1 (webtiles) character file.

Game seed: 6842347442919663182

254077 ForkInBrain the Marksgoblin (level 19, 0/143 HPs)
             Began as a Coglin Hunter on Mar 4, 2024.
             Was the Champion of Hepliaklqana.
             Slain by a +1 heavy hand axe (2 damage)
             ... on level 1 of the Elven Halls.
             The game lasted 04:27:22 (63324 turns).

ForkInBrain the Marksgoblin (Coglin Hunter)        Turns: 63324, Time: 04:27:22

Health: 0/143      AC: 12    Str: 14    XL:     19   Next: 74%
Magic:  24/24      EV: 23    Int: 10    God:    Hepliaklqana [******]
Gold:   598        SH:  0    Dex: 25    Spells: 18/22 levels left

rFire   + + +        a - +3 sling (flame) {Salvador}
rCold   + . .        d - +10 sling of Adew Heg {heavy, rF+}
rNeg    . . .        D - +0 ring mail {Will+}
rPois   +            Q - +2 hat {SInv}
rElec   .            K - scarf {rC+ rF+}
rCorr   +            N - +0 pair of fencer's gloves {Riposte Dex+3}
SInv    +            H - +1 pair of boots {Stlth+}
Will    ++...        (amulet unavailable)
Stlth   +++++        (ring unavailable)
HPRegen 0.43/turn    (ring unavailable)
MPRegen 0.19/turn    W - retrosubsystem L-60 {AutoDazzle, rPois rF+ rCorr}

%: no passive effects
@: marked, studying Ranged Weapons, revved
A: reduced essence, off-hand wielding, slow wielding, warmup strikes, no
jewellery
}: 2/15 runes: barnacled, gossamer
a: Renounce Religion, Recall Ancestor, Ancestor Identity, Transference, Idealise


You were on level 1 of the Elven Halls.
You worshipped Hepliaklqana.
Hepliaklqana was exalted by your worship.
You visited 7 branches of the dungeon, and saw 32 of its levels.
You also visited: Sewer, Gauntlet and Volcano.

You collected 3046 gold pieces.
You spent 2448 gold pieces at shops.

Inventory:

Hand Weapons
 a - a +3 sling of flaming (weapon) {Salvador}
 d - the +10 sling of Adew Heg (offhand) {heavy, rF+}
   (You took it off a centaur on level 15 of the Dungeon)

   rF+:       It protects you from fire.
Missiles
 j - 6 throwing nets
 s - 20 poisoned darts
 A - 5 atropa-tipped darts
 I - 3 curare-tipped darts
Armour
 c - a +3 leather armour of positive energy
 B - a scarf of invisibility
 D - a +0 ring mail of willpower (worn)
 H - a +1 pair of boots of stealth (worn)
 K - a scarf of resistance (worn)
 N - the +0 pair of fencer's gloves (worn) {Riposte Dex+3}
   (You found it on level 1 of the Shoals)

   Riposte:   It allows the wearer to riposte with melee weapons, swiftly
   retaliating against missed or blocked melee attacks.
   Dex+3:     It affects your dexterity (+3).
 Q - a +2 hat of see invisible (worn)
 R - a +3 leather armour of fire resistance
 S - a +1 cloak of fire resistance
Gizmo
 W - a retrosubsystem L-60 (installed) {AutoDazzle, rPois rF+ rCorr}
   (You invented it yourself on level 4 of the Lair of Beasts)

   [retrosubsystem L-60]

   AutoDazzle: It sometimes fires a blinding ray at enemies whose attacks you
   dodge.
   rF+:       It protects you from fire.
   rPois:     It protects you from poison.
   rCorr:     It protects you from acid and corrosion.
Wands
 l - a wand of acid (11)
 w - a wand of mindburst (14)
 G - a wand of digging (5)
 J - a wand of flame (58)
 P - a wand of polymorph (20)
 T - a wand of charming (4)
 U - a wand of iceblast (13)
Scrolls
 b - a scroll of butterflies
 e - a scroll of brand weapon
 g - 2 scrolls of summoning
 h - 5 scrolls of fear
 p - 4 scrolls of revelation
 q - 2 scrolls of blinking
 r - 4 scrolls of teleportation
 v - 2 scrolls of silence
 x - 4 scrolls of enchant weapon
 F - 3 scrolls of enchant armour
 M - 3 scrolls of immolation
 O - 3 scrolls of vulnerability
 X - a scroll of poison
Potions
 f - 4 potions of magic
 i - 4 potions of ambrosia
 k - a potion of cancellation
 m - 5 potions of curing
 n - 10 potions of might
 o - 7 potions of mutation
 t - a potion of berserk rage
 u - 6 potions of brilliance
 z - 3 potions of invisibility
 C - 3 potions of enlightenment
 E - 5 potions of lignification
 L - a potion of resistance
 Y - 6 potions of attraction
 Z - 2 potions of heal wounds
Miscellaneous
 y - a phantom mirror
 V - a sack of spiders


   Skills:
 + Level 16.8 Fighting
 + Level 18.8 Ranged Weapons
 - Level 0.1 Throwing
 + Level 8.5 Armour
 + Level 14.7 Dodging
 + Level 9.3 Stealth
 - Level 2.0 Spellcasting
 + Level 10.8 Translocations
 - Level 7.0 Invocations
 + Level 13.6 Evocations


You had 18 spell levels left.
You knew the following spells:

 Your Spells              Type           Power      Damage    Failure   Level
p - Passage of Golubria   Tloc           22%        N/A       6%          4

Your spell library contained the following spells:

 Spells                   Type           Power      Damage    Failure   Level
 Gell's Gravitas          Tloc           22%        N/A       1%          3
 Teleport Other           Tloc           22%        N/A       1%          3
 Momentum Strike          Conj/Tloc      22%        3d8       9%          2
 Volatile Blastmotes      Fire/Tloc      22%        2d11      19%         3
 Kiss of Death            Conj/Necr      4%         2d5       50%         1
 Magic Dart               Conj           4%         1d3       50%         1
 Necrotise                Necr           4%         1d4       50%         1
 Shock                    Conj/Air       4%         1d3       50%         1
 Sting                    Conj/Alch      4%         1d3       50%         1
 Iskenderun's Mystic Bla  Conj/Tloc      11%        2d4       52%         4
 Cigotuvi's Dreadful Rot  Necr/Alch/Air  2%         N/A       63%         2
 Ensorcelled Hibernation  Hex/Ice        2%         N/A       63%         2
 Jinxbite                 Hex            2%         N/A       63%         2
 Mercury Vapours          Alch/Air       2%         N/A       63%         2
 Searing Ray              Conj           2%         2d4       63%         2
 Static Discharge         Conj/Air       2%         3-4/arc   63%         2
 Sublimation of Blood     Necr           1%         N/A       63%         2
 Dispersal                Tloc           11%        N/A       69%         6
 Dazzling Flash           Conj/Hex       2%         N/A       86%         3
 Hailstorm                Conj/Ice       1%         3d5       86%         3
 Mephitic Cloud           Conj/Alch/Air  1%         N/A       86%         3
 Passwall                 Erth           1%         N/A       86%         3
 Swiftness                Air            1%         N/A       86%         3
 Vampiric Draining        Necr           1%         2d6       86%         3
 Summon Forest            Summ/Tloc      5%         N/A       86%         5
 Airstrike                Air            0%         2d(1-17)  99%         4
 Fulminant Prism          Conj/Alch      0%         3d5       99%         4
 Ignite Poison            Fire/Alch      1%         N/A       99%         4
 Martyr's Knell           Necr/Summ      1%         N/A       99%         4
 Curse of Agony           Necr           1%         N/A       100%        5
 Freezing Cloud           Conj/Ice/Air   0%         6-21      100%        5
 Silence                  Hex/Air        0%         N/A       100%        5
 Summon Mana Viper        Hex/Summ       1%         N/A       100%        5
 Death Channel            Necr           0%         N/A       100%        6
 Eringya's Noxious Bog    Alch           0%         4d6       100%        6
 Summon Cactus Giant      Summ           0%         N/A       100%        6
 Spellforged Servitor     Conj/Summ      0%         N/A       100%        7
 Summon Hydra             Summ           0%         N/A       100%        7
 Disjunction              Tloc           11%        N/A       100%        8
 Lehudib's Crystal Spear  Conj/Erth      0%         10d2      100%        8
 Chain Lightning          Conj/Air       0%         2d1       100%        9
 Fire Storm               Conj/Fire      0%         6d1       100%        9
 Shatter                  Erth           0%         3d5*      100%        9


Dungeon Overview and Level Annotations

Branches:
Dungeon (15/15)            Temple (1/1) D:7            Lair (5/5) D:11
 Shoals (4/4) Lair:2       Spider (4/4) Lair:3        Slime (0/5) Lair:4
    Orc (2/2) D:11            Elf (1/3) Orc:2        Vaults (0/5) D:13
 Depths (0/4) D:15          Sewer (visited)         Volcano (visited)
Gauntlet (visited)

Altars:
Ashenzari
Cheibriados
Dithmenos
Elyvilon
Fedhas
Gozag
Hepliaklqana
Kikubaaqudgha
Makhleb
Nemelex Xobeh
Okawaru
Qazlal
Ru
Sif Muna
Trog
Uskayaw
Vehumet
Wu Jian
Xom
Yredelemnul
Zin
The Shining One
Jiyva
Lugonu

Shops:
D:5 :   D:7 (   D:13 *   Orc:1 [=?   Orc:2 =!:=[   Shoals:1 =

Portals:
Abyss: Lair:5

Annotations:
Lair:4 2 transporters
Lair:5 3 runed translucent doors, bayes525's ghost, journeyman MiBe


Innate Abilities, Weirdness & Mutations

Your life essence is reduced to manifest your ancestor. (-10% HP)
You can wield a second weapon in your off-hand.
It takes a long time for you to wield or remove held weapons.
Your first few attacks do less damage.
You cannot equip rings or amulets.


Message History

Aim: a +3 halberd of flaming (moderately damaged, ally target, 61% to hit)
You shoot a sling bullet.
The sling bullet barely misses the +1 heavy hand axe.
The sling bullet hits the +3 halberd of flaming but does no damage.
The +3 halberd of flaming is moderately damaged.
You shoot a sling bullet.
The sling bullet hits the +1 heavy hand axe!!
The +1 heavy hand axe is almost destroyed.
The +1 heavy hand axe closely misses you.
The +3 halberd of flaming hits you from afar!!
* * * LOW HITPOINT WARNING * * *
The +3 halberd of flaming burns you.
* * * LOW HITPOINT WARNING * * *
Bob completely misses the +3 halberd of flaming.
Bob hits the +3 halberd of flaming but does no damage.
Something hits Bob but does no damage.
Fire: a) +3 sling (flame) {Salvador}
Press: ? - help, Q - select action, (/) - cycle Shift-Dir - straight line, f/p - +3 halberd of flaming
Aim: a +3 halberd of flaming (moderately damaged, 61% to hit)
You shoot a sling bullet.
The sling bullet barely misses the +1 heavy hand axe.
The sling bullet hits the +3 halberd of flaming.
The +3 halberd of flaming is heavily damaged.
You shoot a sling bullet.
The sling bullet barely misses the +1 heavy hand axe.
The sling bullet hits the +3 halberd of flaming but does no damage.
The +3 halberd of flaming is heavily damaged.
The +1 heavy hand axe barely misses you.
The +3 halberd of flaming hits you from afar!!
* * * LOW HITPOINT WARNING * * *
The +3 halberd of flaming burns you.
* * * LOW HITPOINT WARNING * * *
Bob hits the +3 halberd of flaming with a +0 dagger of draining!
The +3 halberd of flaming hits you from afar!!
* * * LOW HITPOINT WARNING * * *
Bob hits the +3 halberd of flaming with a +0 dagger of draining!
The +3 halberd of flaming falls from the air.
The +1 heavy hand axe hits you.
You die...
Hepliaklqana delivers you to your ancestors.

######.# .....#.######
####)#......#######
#.)))).####.......##########
..##.#.####.###...##.......#
####.#.#.......)#.##.#
####.#.#.##.##.###.#.####
.........##.....#()R....#
#####.......###.@.##.##.# #
#.####### ######.# # #
.......# #(. . ...... .###
.... . ... .


You could see the friendly Bob the hexer and a +1 heavy hand axe (ally target).

Vanquished Creatures
  Arachne (Spider:3)
  Polyphemus (Shoals:2)
  A kraken (Shoals:1)
  Ilsuiw (Shoals:1)
  2 emperor scorpions
  5 ghost moths
  A deep elf sorcerer (Orc:2)
  6 broodmothers
  2 spark wasps (Spider:4)
  2 ettins
  Snorg (Orc:1)
  5 merfolk javelineers
  Josephine (D:15)
  9 merfolk impalers
  5 entropy weavers
  7 hydras
  2 radroaches
  Erica (Lair:2)
  A catoblepas (Shoals:2)
  7 merfolk aquamancers
  A vault guard (D:12)
  6 centaur warriors
  2 merfolk avatars
  3 dancing weapons (Elf:1)
  A satyr (Shoals:4)
  2 boulder beetles
  3 alligator snapping turtles
  12 death yaks
  A two-headed ogre (Orc:1)
  A deep troll earth mage (D:15)
  4 tengu warriors
  9 demonic crawlers
  A thrashing horror (Lair:5)
  A hell knight (Volcano)
  3 skysharks
  A deep elf knight (Elf:1)
  Nergalle (D:11)
  9 pharaoh ants
  5 skeletal warriors
  2 sun moths (Spider:2)
  6 orb spiders
  A deep elf archer (Orc:2)
  13 sea snakes
  Pikel (D:9)
  4 steelbarb worms
  2 arcanists (D:13)
  6 orc knights
  11 harpies
  7 deep elf zephyrmancers (Elf:1)
  A large abomination (Lair:5)
  7 deep elf pyromancers (Elf:1)
  A necromancer (D:13)
  21 wolf spiders
  6 ugly things
  4 fauns
  7 cyclopes
  10 manticores
  A moth of wrath (Spider:4)
  6 meliai
  24 elephants
  2 black mambas
  6 merfolk sirens
  4 torpor snails
  2 kobold blastminers (Orc:2)
  9 water nymphs
  2 cane toads (shapeshifter)
  A gargoyle (D:13)
  A rime drake (shapeshifter) (D:15)
  18 cane toads
  A yaktaur (Volcano)
  A rime drake (Lair:3)
  A freezing wraith (D:15)
  10 komodo dragons
  32 merfolk
  5 wind drakes
  39 tarantellas
  A hornet (D:10)
  2 polar bears (Lair:5)
  3 trolls
  6 snapping turtles
  A raiju (Lair:5)
  7 dream sheep (Shoals:4)
  13 blink frogs
  2 centaur simulacra
  19 jumping spiders
  A spriggan (shapeshifter) (Lair:5)
  26 culicivoras
  A spriggan (Lair:5)
  A culicivora (shapeshifter) (D:15)
  6 slime creatures
  12 water elementals
  17 yaks
  3 wyverns
  A shadow (D:10)
  A ynoxinul (Lair:5)
  4 wargs
  A vampire (D:9)
  5 wraiths
  Eustachio (D:5)
  6 basilisks
  A fire elemental (Elf:1)
  2 steam dragons
  16 humans (D:13)
  50 redbacks
  A chaos spawn (Lair:5)
  6 vampire mosquitoes
  2 acid dragons
  8 water moccasins
  2 hell hounds (Lair:1)
  29 orc warriors
  2 wolves
  9 ogres
  16 centaurs
  4 kobold brigands
  A brain worm (Sewer)
  13 bullfrogs
  10 small abominations (Lair:5)
  A gnoll sergeant (D:10)
  2 wights (D:9)
  2 hexers
  11 killer bees
  5 howler monkeys
  3 electric eels (Lair:1)
  6 jellies
  A bombardier beetle (D:3)
  2 hounds (D:6)
  9 orc priests
  An iguana (D:5)
  8 orc wizards
  8 adders
  7 gnolls
  2 river rats (Sewer)
  2 shadow imps (D:6)
  A dart slug (D:4)
  A ribbon worm (D:3)
  58 orcs
  7 endoplasms
  16 giant cockroaches
  8 goblins
  4 hobgoblins
  8 jackals
  4 quokkas
  8 ball pythons
  6 bats
  4 frilled lizards
  9 kobolds
  7 rats
925 creatures vanquished.

Vanquished Creatures (collateral kills)
  A kraken (Shoals:3)
  Gastronok (D:11)
  A ghost moth (Spider:4)
  2 spark wasps
  3 merfolk impalers
  A hydra (Lair:2)
  A merfolk avatar (Shoals:4)
  A catoblepas (D:13)
  A radroach (Spider:4)
  4 boulder beetles
  A centaur warrior (D:13)
  A merfolk aquamancer (Shoals:4)
  A dancing weapon (Elf:1)
  A satyr (Shoals:4)
  A tengu warrior (D:13)
  A thrashing horror (Lair:5)
  4 death yaks
  A demonic crawler (Spider:2)
  A skeletal warrior (D:15)
  A pharaoh ant (Spider:2)
  A sea snake (Shoals:2)
  An arcanist (D:13)
  A harpy (Shoals:4)
  A deep elf archer (Elf:1)
  A steelbarb worm (Spider:3)
  An orb spider (Spider:1)
  An orc knight (Orc:2)
  A deep elf pyromancer (D:10)
  3 ugly things
  3 wolf spiders
  A faun (Shoals:2)
  2 meliai (Spider:4)
  2 manticores
  3 kobold blastminers (Orc:2)
  10 elephants
  2 merfolk sirens
  2 black mambas
  A smoke demon (Lair:5)
  5 cane toads
  A torpor snail (Spider:1)
  2 rime drakes (Lair:1)
  A large abomination (Lair:5)
  A tengu conjurer (D:14)
  A kobold demonologist (D:9)
  3 komodo dragons
  3 polar bears
  9 merfolk
  6 tarantellas
  4 wind drakes
  2 trolls
  A raiju (Lair:5)
  A snapping turtle (Shoals:4)
  7 jumping spiders
  11 culicivoras
  A spriggan (Lair:5)
  A culicivora (shapeshifter) (Lair:5)
  3 slime creatures
  A shadow (D:9)
  4 wraiths
  3 water elementals
  9 yaks
  2 small abominations (Lair:5)
  A wyvern (Lair:5)
  2 humans (D:13)
  14 redbacks
  3 basilisks
  2 vampire mosquitoes
  5 water moccasins
  5 orc warriors
  An ice beast (D:6)
  An ogre (Orc:2)
  3 centaurs
  A phantom (D:5)
  A wolf (Lair:2)
  A kobold brigand (D:11)
  5 bullfrogs
  A scorpion (D:5)
  A brain worm (Sewer)
  A wight (D:9)
  3 killer bees
  3 howler monkeys
  2 electric eels
  4 orc priests
  A gnoll bouda (D:7)
  A hound (D:5)
  3 iguanas
  3 orc wizards
  A gnoll (D:10)
  An adder (Sewer)
  3 river rats (Sewer)
  A shadow imp (D:8)
  A white imp (D:6)
  6 orcs
  2 giant cockroaches (D:3)
  A goblin (D:4)
  2 kobolds (D:8)
  A rat (Sewer)
235 creatures vanquished.

Vanquished Creatures (others)
  A cyclops (Shoals:4)
  53 hexers
  2 ancestors
56 creatures vanquished.

Grand Total: 1216 creatures vanquished

Notes
Turn   | Place    | Note
-------+----------+-------------------------------------------
     0 | D:1      | ForkInBrain the Coglin Hunter began the quest for the Orb.
     0 | D:1      | Reached XP level 1. HP: 16/16 MP: 1/1
    79 | D:1      | Reached skill level 1 in Stealth
   145 | D:1      | Reached XP level 2. HP: 22/22 MP: 2/2
   613 | D:2      | Found a hazy altar of Hepliaklqana.
   622 | D:2      | Reached skill level 4 in Ranged Weapons
   622 | D:2      | Reached XP level 3. HP: 23/27 MP: 3/3
   680 | D:2      | Became a worshipper of Hepliaklqana the Forgotten
  1043 | D:3      | Reached XP level 4. HP: 33/33 MP: 4/4
  1141 | D:2      | Reached XP level 5. HP: 22/38 MP: 5/5
  1311 | D:3      | Reached * piety under Hepliaklqana
  1806 | D:3      | Reached skill level 5 in Ranged Weapons
  2096 | D:3      | Found a faded altar of an unknown god.
  2202 | D:3      | Reached XP level 6. HP: 41/41 MP: 4/6
  2379 | D:4      | Reached skill level 6 in Ranged Weapons
  2495 | D:4      | Reached XP level 7. HP: 45/45 MP: 7/7
  2499 | D:4      | Reached ** piety under Hepliaklqana
  2500 | D:4      | Remembered your ancestor Bob as a hexer
  2846 | D:5      | Entered Level 5 of the Dungeon
  2875 | D:5      | Found Zusunes's Self-Improvement Boutique.
  3128 | D:5      | Reached skill level 7 in Ranged Weapons
  3182 | D:5      | Found a sacrificial altar of Ru.
  3201 | D:5      | Noticed Eustachio
  3215 | D:5      | Killed Eustachio
  3216 | D:5      | Reached XP level 8. HP: 53/53 MP: 8/8
  3251 | D:5      | Found a blossoming altar of Fedhas.
  3327 | D:5      | Reached skill level 1 in Armour
  3662 | D:6      | Reached skill level 1 in Evocations
  3678 | D:6      | Reached *** piety under Hepliaklqana
  3679 | D:6      | Found a shimmering altar of Xom.
  3720 | D:6      | Found a glowing drain.
  3736 | Sewer    | Entered a sewer
  3976 | Sewer    | Reached skill level 8 in Ranged Weapons
  4448 | D:6      | Identified the +3 war axe of the Sharing Gods {drain, rCorr
                  | SInv}
  4609 | D:6      | Reached XP level 9. HP: 58/58 MP: 9/9
  4781 | D:6      | Found a shimmering blue altar of Sif Muna.
  4968 | D:6      | Found a radiant altar of Vehumet.
  5247 | D:7      | Found a staircase to the Ecumenical Temple.
  5254 | Temple   | Entered the Ecumenical Temple
  5355 | D:7      | Reached skill level 9 in Ranged Weapons
  5833 | D:7      | Found a shadowy altar of Dithmenos.
  5915 | D:7      | Found an iron altar of Okawaru.
  6210 | D:7      | Found Giarphima's Antique Weapon Shoppe.
  6231 | D:8      | Got The Fundamentals of Wizarding
  6590 | D:8      | Reached **** piety under Hepliaklqana
  6988 | D:9      | Reached skill level 5 in Evocations
  7133 | D:9      | Reached skill level 10 in Ranged Weapons
  7291 | D:9      | Noticed Pikel
  7298 | D:9      | Killed Pikel
  7299 | D:9      | Reached skill level 5 in Fighting
  7299 | D:9      | Reached skill level 11 in Ranged Weapons
  7299 | D:9      | Reached XP level 10. HP: 66/66 MP: 10/10
  7406 | D:9      | Noticed a kobold demonologist
  7573 | D:9      | Killed a kobold demonologist
  7576 | D:9      | Found an ornate altar of the Wu Jian Council.
  7765 | D:10     | Entered Level 10 of the Dungeon
  8097 | D:10     | Reached skill level 1 in Invocations
  8554 | D:10     | Noticed a deep elf pyromancer
  8559 | D:10     | Killed a deep elf pyromancer
  8564 | D:10     | Got the Codex of Conjured Exhalation
  8573 | D:10     | Got the Directory of Outbursts
  8576 | D:10     | Got the Thoughts on Locality and Wounds
  8582 | D:10     | Learned a level 4 spell: Passage of Golubria
  8592 | D:10     | Got the Lessons on the Volley
  8595 | D:10     | Got the Lessons on the Twisted Geodesic
  8598 | D:10     | Got the Precepts of the Arenous Athanor
  8827 | D:10     | Found an ancient bone altar of Kikubaaqudgha.
  9038 | D:11     | Noticed a boulder beetle
  9053 | D:10     | Killed a boulder beetle
  9054 | D:10     | Reached skill level 12 in Ranged Weapons
  9395 | D:11     | Noticed Nergalle
  9402 | D:11     | Killed Nergalle
  9403 | D:11     | Reached XP level 11. HP: 74/74 MP: 12/12
  9494 | D:11     | Noticed a boulder beetle
  9522 | D:11     | Killed a boulder beetle
  9724 | D:11     | Found a staircase to the Orcish Mines.
  9740 | D:11     | Reached skill level 13 in Ranged Weapons
  9905 | D:11     | Noticed a purple ugly thing
  9913 | D:11     | Killed a purple ugly thing
  9914 | D:11     | Noticed Gastronok
  9984 | D:11     | Killed Gastronok
 10128 | D:11     | Noticed a cyclops
 10135 | D:11     | Killed a cyclops
 10312 | D:11     | Reached ***** piety under Hepliaklqana
 10338 | D:11     | Found a staircase to the Lair.
 10465 | Lair:1   | Entered Level 1 of the Lair of Beasts
 10479 | Lair:1   | Noticed a skyshark
 10495 | Lair:1   | Killed a skyshark
 10551 | Lair:1   | Reached skill level 14 in Ranged Weapons
 10641 | Lair:1   | Reached XP level 12. HP: 71/83 MP: 13/13
 10699 | Lair:1   | Found a dark tunnel.
 10706 | Volcano  | Entered a volcano
 10733 | Volcano  | Noticed a centaur warrior
 10745 | Volcano  | Killed a centaur warrior
 11230 | Volcano  | Noticed a hell knight
 11240 | Volcano  | Killed a hell knight
 11839 | Lair:1   | Reached skill level 10 in Fighting
 12039 | Lair:1   | Reached skill level 15 in Ranged Weapons
 12498 | Lair:1   | Noticed a seven-headed hydra
 12515 | Lair:1   | Killed a seven-headed hydra
 12916 | Lair:2   | Noticed a death yak
 12924 | Lair:2   | Noticed a death yak
 12926 | Lair:2   | Killed a death yak
 12930 | Lair:2   | Noticed a death yak
 12932 | Lair:2   | Killed a death yak
 12933 | Lair:2   | Reached XP level 13. HP: 95/95 MP: 14/14
 13987 | Lair:2   | Noticed Erica
 13995 | Lair:2   | Killed Erica
 14245 | Lair:2   | Found a staircase to the Shoals.
 14568 | Lair:2   | Found a glowing golden altar of the Shining One.
 14869 | Lair:2   | Found a staircase to the Shoals.
 15557 | Lair:2   | Found a glowing golden altar of the Shining One.
 15962 | Lair:2   | Reached skill level 16 in Ranged Weapons
 16133 | Lair:3   | Found a hole to the Spider Nest.
 17017 | D:5      | Bought a manual of Dodging for 1040 gold pieces
 17307 | Lair:4   | Reached skill level 5 in Dodging
 17307 | Lair:4   | Reached XP level 14. HP: 104/104 MP: 16/16
 17307 | Lair:4   | Acquired a retrosubsystem L-60 {AutoDazzle, rPois rF+
                  | rCorr}
 17830 | Lair:4   | Reached ****** piety under Hepliaklqana
 18041 | Lair:4   | Reached skill level 5 in Stealth
 18041 | Lair:4   | Reached skill level 1 in Translocations
 18138 | Lair:4   | Found a staircase to the Slime Pits.
 18139 | Lair:4   | Found a viscous altar of Jiyva.
 18252 | Lair:4   | Found a transporter.
 18253 | Lair:4   | Found a transporter.
 18335 | Lair:4   | Reached skill level 1 in Spellcasting
 18870 | Lair:5   | Entered Level 5 of the Lair of Beasts
 20671 | Lair:5   | Found a runed translucent gate.
 20671 | Lair:5   | Found a runed translucent gate.
 20671 | Lair:5   | Found a runed translucent gate.
 20672 | Lair:5   | Noticed an azure jelly
 20672 | Lair:5   | Noticed an azure jelly
 21339 | Lair:4   | Found a viscous altar of Jiyva.
 21339 | Lair:4   | Found a staircase to the Slime Pits.
 21424 | Lair:4   | Found a transporter.
 21425 | Lair:4   | Found a transporter.
 21466 | Lair:4   | Reached skill level 5 in Armour
 22016 | Lair:5   | Noticed a quicksilver ooze
 22019 | Lair:5   | Noticed an acid blob
 22020 | Lair:5   | Noticed an acid blob
 22025 | Lair:5   | Noticed an azure jelly
 22025 | Lair:5   | Noticed bayes525's ghost (journeyman MiBe)
 22025 | Lair:5   | Noticed an acid blob
 22026 | Lair:5   | Noticed an azure jelly
 22026 | Lair:5   | Noticed an acid blob
 22026 | Lair:5   | Noticed an azure jelly
 22028 | Lair:5   | Found a viscous altar of Jiyva.
 22287 | Lair:5   | Reached XP level 15. HP: 111/111 MP: 18/18
 22621 | Lair:5   | Found a runed translucent gate.
 22621 | Lair:5   | Found a runed translucent gate.
 22621 | Lair:5   | Found a runed translucent gate.
 22633 | Lair:5   | Found a viscous altar of Jiyva.
 23138 | Lair:5   | Found a viscous altar of Jiyva.
 23665 | Lair:5   | Found a runed translucent gate.
 23666 | Lair:5   | Found a runed translucent gate.
 23666 | Lair:5   | Found a runed translucent gate.
 23671 | Lair:5   | Found a viscous altar of Jiyva.
 23892 | Lair:5   | Found a runed translucent gate.
 23893 | Lair:5   | Found a runed translucent gate.
 23893 | Lair:5   | Found a runed translucent gate.
 23897 | Lair:5   | Found a viscous altar of Jiyva.
 24094 | Lair:5   | Got Ereshkigal's Cyclopedia of the Weathered Fifth Circle
 24338 | Lair:5   | Found a corrupted altar of Lugonu.
 24338 | Lair:5   | Found a one-way gate to the infinite horrors of the Abyss.
 25228 | Orc:1    | Entered Level 1 of the Orcish Mines
 25228 | Orc:1    | Found Hist's Armour Boutique.
 25243 | Orc:1    | Bought a +0 ring mail of willpower for 143 gold pieces
 25259 | Orc:1    | Found Idduguk's Jewellery Emporium.
 25370 | Orc:1    | Noticed Snorg
 25376 | Orc:1    | Killed Snorg
 25459 | Orc:1    | Found Ypoxzor's Magic Scroll Shop.
 25480 | Orc:2    | Entered Level 2 of the Orcish Mines
 27386 | Orc:2    | Found Qekhon's Antique Armour Boutique.
 27386 | Orc:2    | Found a staircase to the Elven Halls.
 27395 | Orc:2    | Bought a pair of embroidered boots for 225 gold pieces
 27478 | Orc:2    | Reached skill level 5 in Invocations
 28117 | Orc:2    | Found Tynguas's Distillery.
 28117 | Orc:2    | Found Deott's Book Shop.
 28119 | Orc:2    | Found Eralo's Jewellery Boutique.
 28121 | Orc:2    | Found Duts's Jewellery Shoppe.
 28413 | D:13     | Found a gate leading to a gauntlet.
 28433 | Gauntlet | Entered a Gauntlet
 28433 | Gauntlet | Found a transporter.
 28433 | Gauntlet | Found a transporter.
 28437 | Gauntlet | Found a transporter.
 28437 | Gauntlet | Found a transporter.
 28447 | Gauntlet | Found a transporter.
 28457 | Gauntlet | Found a transporter.
 28457 | Gauntlet | Found a transporter.
 28460 | Gauntlet | Found a transporter.
 28462 | Gauntlet | Found a large runed translucent door.
 28491 | Gauntlet | Found a transporter.
 28498 | Gauntlet | Found a transporter.
 28520 | Gauntlet | Found a transporter.
 28540 | Gauntlet | Found a transporter.
 28544 | Gauntlet | Found a large runed translucent door.
 28580 | Gauntlet | Found a transporter.
 28582 | Gauntlet | Found a large runed translucent door.
 28582 | Gauntlet | Found a large runed translucent door.
 28583 | Gauntlet | Found a large runed translucent door.
 28583 | Gauntlet | Found a large runed translucent door.
 28584 | Gauntlet | Found a large runed translucent door.
 28584 | Gauntlet | Found a runed translucent door.
 28584 | Gauntlet | Found a runed translucent door.
 28584 | Gauntlet | Found a large runed translucent door.
 28584 | Gauntlet | Found a large runed translucent door.
 28585 | Gauntlet | Found a large runed translucent door.
 28585 | Gauntlet | Found a large runed translucent door.
 28588 | Gauntlet | Found a large runed translucent door.
 28588 | Gauntlet | Found a large runed translucent door.
 28590 | Gauntlet | Found a large runed translucent door.
 28590 | Gauntlet | Found a large runed translucent door.
 28590 | Gauntlet | Found a large runed translucent door.
 28592 | Gauntlet | Found a runed translucent gate.
 28592 | Gauntlet | Found a runed translucent gate.
 28592 | Gauntlet | Found a runed translucent gate.
 28594 | Gauntlet | Found a transporter.
 28694 | Gauntlet | Found a transporter.
 28708 | Gauntlet | Found a transporter.
 29208 | D:13     | You fall into a shaft and drop 1 floor!
 29968 | D:13     | Found Yschiowe's General Store.
 30538 | D:13     | Reached skill level 5 in Translocations
 30655 | D:13     | Found a gate to the Vaults.
 31402 | D:14     | Reached XP level 16. HP: 118/118 MP: 20/20
 32578 | D:15     | Entered Level 15 of the Dungeon
 32698 | D:15     | Reached skill level 10 in Evocations
 32733 | D:15     | Found a staircase to the Depths.
 33154 | D:15     | Noticed Josephine
 33162 | D:15     | Killed Josephine
 33640 | D:15     | Reached skill level 17 in Ranged Weapons
 33780 | D:15     | Identified the +10 sling of Adew Heg {heavy, rF+}
 35839 | D:15     | Found a staircase to the Depths.
 37525 | Shoals:1 | Entered Level 1 of the Shoals
 38025 | Shoals:1 | Reached skill level 10 in Dodging
 38277 | Spider:1 | Entered Level 1 of the Spider Nest
 42123 | Spider:2 | Reached skill level 15 in Fighting
 42257 | Spider:2 | Reached XP level 17. HP: 127/127 MP: 21/21
 46460 | Spider:3 | Noticed Arachne
 46485 | Spider:3 | Killed Arachne
 47344 | D:5      | Bought a manual of Ranged Weapons for 1040 gold pieces
 48669 | Spider:4 | Entered Level 4 of the Spider Nest
 49075 | Spider:4 | Reached XP level 18. HP: 135/135 MP: 23/23
 52795 | Spider:4 | Got the Meditations on Lethal Austromancy
 52958 | Spider:4 | Got the Encyclopedia of the Wild Manifold
 54783 | Spider:4 | Got a gossamer rune of Zot
 55081 | Shoals:1 | Found Gogur's Jewellery Shop.
 55457 | Shoals:1 | Found the +0 pair of fencer's gloves {Riposte Dex+3}
 56165 | Shoals:2 | Noticed Polyphemus
 56280 | Shoals:2 | Noticed Ilsuiw
 56652 | Shoals:1 | Found Gogur's Jewellery Shop.
 56903 | Shoals:1 | Killed Ilsuiw
 57701 | Shoals:2 | Reached skill level 18 in Ranged Weapons
 57800 | Shoals:2 | Killed Polyphemus
 58261 | Shoals:2 | Identified the +8 scimitar "Uttu" {protect, Str+5 Int+4}
 58458 | Shoals:2 | Reached skill level 10 in Translocations
 59405 | Shoals:3 | Reached XP level 19. HP: 143/143 MP: 24/24
 59713 | Shoals:4 | Entered Level 4 of the Shoals
 61603 | Shoals:4 | Got a barnacled rune of Zot
 61711 | Shoals:4 | Found a runed translucent door.
 61955 | Shoals:4 | Identified the amulet "Jasued" {Spirit rElec rF- rN+
                  | Regen+}
 62846 | Elf:1    | Entered Level 1 of the Elven Halls
 63324 | Elf:1    | HP: 2/143 [+3 halberd of flaming (19)]
 63324 | Elf:1    | Slain by a +1 heavy hand axe

Illustrated notes

Levels and vault maps discovered:
D:1:      amcnicky_arrival_underground_garden, layout_basic
D:2:      layout_rooms, basic_altar
D:3:      minmay_roachtagon, layout_basic, shapermc_ecumenical_altar_ellora
D:4:      layout_rooms
D:5:      layout_cave_pools, mainiacjoe_overflow_cross_hatched,
          nicolae_ru_awakened_eye, nicolae_shop_self_help, uniq_eustachio
D:6:      layout_rooms, mainiacjoe_overflow_surrounded_room,
          brannock_xom_greatest_gift, mainiacjoe_overflow_alcove_2,
          portal_sewer_entry_b
D:7:      layout_basic, okawaru_metal_pillars_1_2,
          grunt_dithmenos_smoke_and_mirrors, minmay_temple_entry_overgrown,
          serial_shops, nicolae_shop_behind_doors
D:8:      layout_rooms, nrook_pool_corridor
D:9:      layout_rooms, overflow_temple_1_default, st_stairs_5, hive_lemuel,
          uniq_pikel
D:10:     layout_loops_ring, kiku_gazebo_garden_becter, minmay_librarian
D:11:     layout_loops_ring, dpeg_oklobed_lair, erik_orc_3, st_stairs_1,
          uniq_nergalle, uniq_gastronok
D:12:     layout_basic
D:13:     layout_layer_cave, grunt_vaults_entry_tiered, gauntlet_entry_generic,
          serial_shops, shop, roderic_lattice_a
D:14:     layout_basic, infiniplex_staircase_9_rooms
D:15:     hellmonk_depths_entry_around_the_bend, layout_stronghold, minivault_4,
          minmay_circle_x, uniq_josephine
Temple:   hellmonk_temple_forest_ring
Lair:1:   cheibrodos_lair_river_kwai, layout_gridlike, serial_bayou,
          serial_bayou_shore_b, serial_bayou_pond_c, serial_bayou_pond_e,
          serial_bayou_ford_a, enter_volcano_3, serial_bayou_pond_b
Lair:2:   nzn_winding_woodlands_small
          [nzn_winding_woodlands_5x15_river_crossing,
          nzn_winding_woodlands_center_triple_pond,
          nzn_winding_woodlands_5x15_lazy_stream], layout_gridlike,
          minmay_shoals_entry_beasts, lemuel_centaur_altar, uniq_erica
Lair:3:   layout_gridlike, spider_nest_entry_web_field
Lair:4:   gammafunk_boulding_lane, layout_cave_shapes,
          nicolae_slime_entry_slimehenge
Lair:5:   hellmonk_lair_end_abyssal_woods, layout_hall_layers,
          gammafunk_ghost_ooze
Shoals:1: layout_shoals, serial_shops, nicolae_shop_tiny_real_fake_doors,
          nicolae_shoals_stone_sculpture_thing
Shoals:2: layout_shoals, nicolae_shoals_isolated_beach, uniq_polyphemus,
          uniq_ilsuiw
Shoals:3: layout_shoals, nicolae_shoals_loop_pool
Shoals:4: shoals_end_simple, layout_shoals, lightli_airlock
Spider:1: layout_spider_delve
Spider:2: layout_chambers, worms_lemuel, hangedman_spider_tarantella_strand
Spider:3: nicolae_spider_broodchamber, guppyfry_spider_mini_2, uniq_arachne
Spider:4: grunt_spider_rune_parallel
Orc:1:    layout_caves, serial_shops, nicolae_shop_getting_attention, shop,
          shop, shop, guppyfry_library_mini, uniq_snorg
Orc:2:    st_orc_rangers, layout_caves, serial_shops,
          nicolae_shop_temple_entry_statues_fountains
Elf:1:    nicolae_elf_arrival_fired_up, layout_loops_cross,
          hangedman_elf_disciples

Skill      XL: |  1  2  3  4  5  6  7  8  9 10 11 12 13 14 15 16 17 18 19 |
---------------+----------------------------------------------------------+-----
Stealth        | 1 2 3 4 5 7 8 9 |  9.3
Ranged Weapons | 4 5 6 7 8 11 12 14 15 16 17 18 | 18.8
Fighting       | 3 4 5 6 8 11 12 13 15 16 | 16.8
Armour         | 1 2 3 5 6 7 8 |  8.5
Evocations     | 4 5 6 8 9 10 11 12 13 | 13.6
Dodging        | 2 5 7 9 12 13 14 | 14.7
Invocations    | 1 2 4 5 6 7 |  7.0
Translocations | 3 5 6 8 10 | 10.8
Spellcasting   | 1 2 |  2.0
Throwing       | |  0.1

Action                     |  1- 3 |  4- 6 |  7- 9 | 10-12 | 13-15 | 16-18 | 19-21 || total
---------------------------+-------+-------+-------+-------+-------+-------+-------++-------
  Melee: Sling             |       |       |       |       |       |     1 |       ||     1
   Fire: Sling             |   170 |   210 |   628 |  1182 |  3190 |  2748 |   686 ||  8814
         Orcbow            |       |       |       |       |    78 |   268 |       ||   346
  Throw: Dart              |       |       |       |     4 |       |       |       ||     4
   Cast: Passage of Golubr |       |       |       |       |       |     4 |     1 ||     5
 Invoke: Recall Ancestor   |       |     1 |     2 |     1 |    11 |    13 |     1 ||    29
         Ancestor Identity |       |     1 |       |       |       |       |       ||     1
         Ancestor Life: He |       |       |     1 |       |       |       |       ||     1
         Idealise          |       |       |       |       |     1 |     3 |     3 ||     7
Ability: Invent Gizmo      |       |       |       |       |     1 |       |       ||     1
  Evoke: Wand              |       |       |       |     4 |    23 |     2 |       ||    29
         Phantom mirror    |       |       |       |       |       |     1 |       ||     1
    Use: Scroll            |       |     3 |    11 |     8 |     6 |    21 |     2 ||    51
         Potion            |       |       |     2 |     7 |     3 |     8 |     1 ||    21
 Armour: Leather armour    |    13 |     9 |    22 |    85 |   239 |   118 |       ||   486
         Chain mail        |       |       |       |     6 |       |       |       ||     6
         Ring mail         |       |       |       |       |    45 |   220 |    55 ||   320
  Dodge: Dodged            |    13 |    12 |    22 |    62 |   311 |   378 |    46 ||   844

Table legend: (Time is in decaauts)
 A = Elapsed time spent in this place.
 B = Non-inter-level travel time spent in this place.
 C = Inter-level travel time spent in this place.
 D = Time resting spent in this place.
 E = Time spent auto-exploring this place.
 F = Levels seen in this place.
 G = Mean time per level.
                   A        B        C        D        E       F      G
               +--------+--------+--------+--------+--------+-----+--------+
         Total |  63391 |  56426 |   6965 |  19854 |  25274 |  35 | 1811.2 |
       Dungeon |  19923 |  16921 |   3002 |   3200 |  10102 |  15 | 1328.2 |
        Temple |      1 |      1 |      0 |      0 |      0 |   1 |    1.0 |
          Lair |  13627 |  11732 |   1895 |   3233 |   6102 |   5 | 2725.4 |
        Shoals |   8381 |   7713 |    668 |   3293 |   2490 |   4 | 2095.2 |
   Spider Nest |  16235 |  15049 |   1186 |   7746 |   5130 |   4 | 4058.8 |
  Orcish Mines |   3241 |   3028 |    213 |   2020 |    501 |   2 | 1620.5 |
   Elven Halls |    263 |    263 |      0 |     34 |     68 |   1 |  263.0 |
         Sewer |    731 |    731 |      0 |     11 |    507 |   1 |  731.0 |
       Volcano |    538 |    538 |      0 |    315 |     87 |   1 |  538.0 |
      Gauntlet |    448 |    448 |      0 |      0 |    286 |   1 |  448.0 |
               +--------+--------+--------+--------+--------+-----+--------+

Top non-repeatable levels by time:
Spider:4: 6053 daAuts
Spider:1: 4100 daAuts
Spider:2: 3958 daAuts
  Lair:5: 3835 daAuts
    D:15: 3718 daAuts
  Lair:2: 3198 daAuts
  Lair:4: 2902 daAuts
   Orc:2: 2835 daAuts
Shoals:4: 2721 daAuts
Shoals:1: 2378 daAuts
    D:13: 2273 daAuts
  Lair:1: 2257 daAuts
    D:14: 2188 daAuts
Spider:3: 2122 daAuts
Shoals:2: 1860 daAuts
